 Dungeon Crawl Stone Soup version 0.29.1-12-g30fa7ad0bf (webtiles) character file.

Game seed: 14029660952851279662

69 BigDaddyOpFi the Conjurer (level 4, -3/27 HPs)
             Began as an Octopode Conjurer on Jan 12, 2023.
             Slain by Grinder (4 damage)
             ... on level 3 of the Dungeon.
             The game lasted 00:02:14 (2781 turns).

BigDaddyOpFi the Conjurer (Octopode Conjurer)       Turns: 2781, Time: 00:02:14

Health: -3/27      AC:  1    Str:  6    XL:     4   Next: 20%
Magic:  5/7        EV: 14    Int: 22    God:
Gold:   72         SH:  0    Dex: 16    Spells: 5/8 levels left

rFire   . . .      SeeInvis +   e - +0 short sword
rCold   . . .      Faith    .   (no shield)
rNeg    . . .      Spirit   .   (helmet restricted)
rPois   .          Reflect  .   (no amulet)
rElec   .          Harm     .   c - +6 ring of dexterity
rCorr   .          Rampage  .   g - ring of see invisible
Will    .....                   (no ring)
Stlth   ++++......              (no ring)
HPRegen 0.09/turn               (no ring)
MPRegen 0.10/turn               (no ring)
                                (no ring)
                                (no ring)

@: no status effects
A: almost no armour, amphibious, 8 rings, camouflage 1, gelatinous body 1,
(nimble swimmer 1), tentacles
a: no special abilities


You were on level 3 of the Dungeon.
You visited 1 branch of the dungeon, and saw 3 of its levels.

You collected 72 gold pieces.

Inventory:

Hand Weapons
 e - a +0 short sword (weapon)
Jewellery
 c - a +6 ring of dexterity (left tentacle)
 g - a ring of see invisible (right tentacle)
Scrolls
 d - a scroll of teleportation
 f - 2 scrolls of immolation {unknown}
 i - 5 scrolls of identify
 j - a scroll of butterflies {unknown}
 m - a scroll of enchant armour {unknown}
 o - a scroll of summoning {unknown}
Potions
 a - 2 potions of magic
 b - 3 potions of curing {unknown}
 h - a potion of brilliance {unknown}
 k - a potion of cancellation {unknown}
 l - a potion of degeneration {unknown}


   Skills:
 + Level 2.7 Dodging
 + Level 4.0 Stealth
 + Level 2.5 Spellcasting
 + Level 4.4 Conjurations


You had 5 spell levels left.
You knew the following spells:

 Your Spells              Type           Power      Damage    Failure   Level
a - Magic Dart            Conj           88%        1d7       2%          1
b - Searing Ray           Conj           44%        2d6       3%          2

Your spell library contained the following spells:

 Spells                   Type           Power      Damage    Failure   Level
 Apportation              Tloc           4%         N/A       13%         1
 Beastly Appendage        Tmut           4%         N/A       13%         1
 Necrotise                Necr           8%         1d4       13%         1
 Summon Small Mammal      Summ           8%         N/A       13%         1
 Dazzling Flash           Conj/Hex       24%        N/A       16%         3
 Wereblood                Tmut           2%         N/A       21%         2
 Spider Form              Tmut/Pois      2%         N/A       36%         3
 Fulminant Prism          Conj/Hex       6%         3d7       45%         4
 Iskenderun's Mystic Bla  Conj/Tloc      12%        2d5       45%         4


Dungeon Overview and Level Annotations

Branches:
Dungeon (3/15)

Altars:

Annotations:
D:3 2 transporters, Grinder


Innate Abilities, Weirdness & Mutations

You cannot wear most types of armour.
You are amphibious.
You can wear up to eight rings at the same time.
Your skin changes colour to match your surroundings (Stealth+).
Your rubbery body absorbs attacks. (AC +1, EV +1)
((You are camouflaged when in or above water. (Stealth+)))
You have tentacles for arms and can constrict up to eight enemies at once.


Message History

Nothing appears to happen.
The magic dart hits Grinder but does no damage.
Grinder is lightly wounded.
Casting: Magic Dart (safe; 2% risk of failure)
Confirm with . or Enter, or press ? or * to list all spells.
Aiming: Searing Ray (safe; 3% risk of failure)
Press: ? - help, Shift-Dir - straight line, f/p - Grinder
Aim: Grinder (lightly wounded, 75% to hit)
The searing ray hits Grinder!
Grinder is moderately wounded. (Press . to maintain the ray.)
The searing ray hits Grinder.
Grinder is moderately wounded.
The searing ray misses Grinder.
Grinder closely misses you.
Without enough magic to sustain it, your searing ray dissipates.
Grinder gestures at you. Pain shoots through your body!
* * * LOW HITPOINT WARNING * * *
Blink to where?
Press: ? - help, Dir - move target, p - Grinder
As you read the scroll of blinking, it crumbles to dust.
Grinder says, "You look like you could use a good racking."
Grinder blinks!
Your magical contamination has completely faded away.
Casting: Searing Ray (safe; 3% risk of failure)
Confirm with . or Enter, or press ? or * to list all spells.
You don't know that spell.
Magic courses through your body.
Grinder blinks!
Casting: Searing Ray (safe; 3% risk of failure)
Confirm with . or Enter, or press ? or * to list all spells.
Aiming: Searing Ray (safe; 3% risk of failure)
Press: ? - help, Shift-Dir - straight line, f - Grinder
Aim: Grinder (moderately wounded, 75% to hit)
The searing ray hits Grinder.
Grinder is moderately wounded. (Press . to maintain the ray.) Grinder hits you!
* * * LOW HITPOINT WARNING * * *
You writhe in agony.
You die...

#.#.###.#
#.......#
#########.####.#
..........#
########..####.#
#.......#
##.######
#####.#######
##...@.......#
#.....5......#
#..####.####.#
#..# #†# # #..#
##.# #.. #..#
#..# #.# #..#
#.## #.# #..#
#.# #.#
#..###.#####.#


You could see Grinder.

Vanquished Creatures
  An adder (D:3)
  2 dart slugs (D:3)
  An orc (D:3)
  6 ball pythons
  3 endoplasms
  2 giant cockroaches
  4 hobgoblins
  3 quokkas
  9 bats
  3 frilled lizards
  8 goblins
  3 kobolds
  6 rats
51 creatures vanquished.

Notes
Turn   | Place    | Note
-------+----------+-------------------------------------------
     0 | D:1      | BigDaddyOpFi the Octopode Conjurer began the quest for the
                  | Orb.
     0 | D:1      | Reached XP level 1. HP: 11/11 MP: 3/3
   359 | D:1      | Reached XP level 2. HP: 17/17 MP: 3/5
  1626 | D:2      | Reached XP level 3. HP: 21/21 MP: 0/6
  1676 | D:2      | Learned a level 2 spell: Searing Ray
  2458 | D:3      | Found a faded altar of an unknown god.
  2458 | D:3      | Noticed a shining eye
  2469 | D:3      | Reached XP level 4. HP: 23/27 MP: 1/7
  2544 | D:3      | Noticed a shining eye
  2552 | D:3      | Noticed a golden eye
  2561 | D:3      | Noticed an eye of devastation
  2633 | D:3      | Found a transporter.
  2686 | D:3      | Found a transporter.
  2771 | D:3      | Noticed Grinder
  2781 | D:3      | HP: 1/27 [Grinder (7)]
  2781 | D:3      | Slain by Grinder

Illustrated notes

Levels and vault maps discovered:
D:1:      kennysheep_arrival_seaside, layout_basic, minmay_stone_trees_small,
          minmay_misc_feat_ornament
D:2:      layout_rooms, chequers_serial_rivers_small_a
D:3:      layout_loops_ring, gammafunk_ghost_abyssal_escape,
          hellmonk_ecumenical_altar_watching_god, serial_shops,
          nicolae_lakefront_shop, uniq_grinder

Skill      XL: |  1  2  3  4 |
---------------+-------------+-----
Stealth        | 3 4 |  4.0
Dodging        | |  2.7
Spellcasting   | |  2.5
Conjurations   | |  4.4

Action                   |  1- 3 |  4- 6 || total
-------------------------+-------+-------++-------
Melee: Short sword       |     3 |       ||     3
 Cast: Magic Dart        |    85 |    15 ||   100
       Searing Ray       |       |     2 ||     2
  Use: Scroll            |     3 |     1 ||     4
       Potion            |       |     1 ||     1
Dodge: Dodged            |     9 |     1 ||    10
